 Dungeon Sprint DCSS version 0.29-a0-284-gf9362112df (webtiles) character file.

Game seed: 16008688673030836340

7943 horus123 the Devastator (level 11, -7/54 HPs)
             Began as a Deep Elf Conjurer on Mar 18, 2022.
             Was the Champion of Vehumet.
             Killed from afar by a deep elf sorcerer (26 damage)
             ... with a bolt of acid
             ... in the Dungeon (Sprint V: "Ziggurat Sprint").
             The game lasted 00:17:26 (1986 turns).

horus123 the Devastator (Deep Elf Conjurer)         Turns: 1986, Time: 00:17:27

Health: -7/54      AC:  2    Str:  4    XL:     11   Next: 3%
Magic:  47/47      EV: 13    Int: 40    God:    Vehumet [******]
Gold:   0          SH:  0    Dex: 22    Spells: 3/40 levels left

rFire   + + +      SeeInvis .   B - +6 Majin-Bo {vamp, MP+6 Int+6}
rCold   . . .      Faith    +   (shield currently unavailable)
rNeg    + . .      Spirit   .   a - +0 robe
rPois   .          Reflect  .   (no helmet)
rElec   +          Harm     .   (no cloak)
rCorr   +          Rampage  .   (no gloves)
Will    +....      NoTele   +   (no boots)
Stlth   ++........              J - amulet "Satrume" {Faith rF+++ rN+ rCorr Stlth-}
HPRegen 0.18/turn               u - +6 ring of intelligence
MPRegen 0.30/turn               t - ring "Puschoel" {rElec MP+9 Dex+9}

@: studying Crossbows
A: no striking features
a: Renounce Religion


You were in the Dungeon.
You worshipped Vehumet.
Vehumet was exalted by your worship.
You visited 1 branch

Inventory:

Hand Weapons
 B - the +6 Majin-Bo (weapon) {vamp, MP+6 Int+6}
   (You found it in the Dungeon)

   It occasionally heals its wielder for a portion of the damage dealt when they
   wound a living foe with it or with a spell.
   Its wielder's spells cost health as well as magical power.
   Int:       It affects your intelligence (+6).
   MP:        It affects your magic capacity (+6).
Armour
 a - a +0 robe (worn)
 k - +5 storm dragon scales
 C - a +0 kite shield of protection
Magical Staves
 H - a staff of earth
Jewellery
 r - a ring of flight
 s - a +6 ring of dexterity
 t - the ring "Puschoel" (right hand) {rElec MP+9 Dex+9}
   (You found it in the Dungeon)

   [ring of magical power]

   Dex:       It affects your dexterity (+9).
   rElec:     It insulates you from electricity.
   MP:        It affects your magic capacity (+9).
 u - a +6 ring of intelligence (left hand)
 v - a +6 ring of intelligence
 F - an amulet of magic regeneration
 J - the amulet "Satrume" (around neck) {Faith rF+++ rN+ rCorr Stlth-}
   (You found it in the Dungeon)

   [amulet of faith]

   It allows you to gain divine favour quickly.
   rF:        It renders you almost immune to fire.
   rN:        It protects you from negative energy.
   rCorr:     It protects you from acid and corrosion.
   Stlth:     It makes you less stealthy.
Wands
 y - a wand of mindburst (7)
 z - a wand of iceblast (7)
 A - a wand of acid (7)
Scrolls
 g - 4 scrolls of blinking
 m - 3 scrolls of amnesia
 n - 7 scrolls of fog
 o - a scroll of holy word
 p - 5 scrolls of identify
 q - 2 scrolls of fear
Potions
 b - 8 potions of magic
 c - 10 potions of curing
 d - 9 potions of heal wounds
 e - 6 potions of haste
 f - 3 potions of berserk rage
 h - 2 potions of brilliance
 i - 2 potions of invisibility
 j - 4 potions of resistance
 l - 5 potions of might
Miscellaneous
 w - a condenser vane (inert)
 x - a piece from Xom's chessboard (15/15)
 D - a lightning rod (4/4)
 E - a box of beasts
 G - a phantom mirror
 I - a phial of floods


   Skills:
 - Level 2.5 Dodging
 - Level 2.5 Stealth
 - Level 15.0 Spellcasting
 - Level 17.3 Conjurations
 - Level 12.1 Hexes
 - Level 5.3 Necromancy
 - Level 14.7 Earth Magic
 - Level 9.5 Evocations


You had 3 spell levels left.
You knew the following spells:

 Your Spells              Type           Power      Damage    Failure   Level
a - Magic Dart            Conj           100%       1d8       0%          1
b - Searing Ray           Conj           100%       2d8       0%          2
c - Freeze                Ice            100%       1d11      1%          1
d - Iskenderun's Mystic   Conj/Tloc      78%        2d16      1%          4
e - Lehudib's Crystal Sp  Conj/Erth      51%        10d12     2%          8
f - Stone Arrow           Conj/Erth      100%       3d13      0%          3
g - Silence               Hex/Air        34%        N/A       2%          5
h - Agony                 Necr           64%        N/A       3%          5
i - Ignition              Fire           15%        3d6       100%        8

Your spell library contained the following spells:

 Spells                   Type           Power      Damage    Failure   Level
 Spellforged Servitor     Conj/Summ      39%        N/A       7%          7
 Dazzling Flash           Conj/Hex       100%       N/A       0%          3
 Pain                     Necr           100%       1d9       1%          1
 Call Imp                 Summ           30%        N/A       1%          2
 Confusing Touch          Hex            91%        N/A       1%          3
 Mephitic Cloud           Conj/Pois/Air  66%        N/A       1%          3
 Gell's Gravitas          Tloc           30%        N/A       3%          3
 Lesser Beckoning         Tloc           30%        N/A       3%          3
 Ozocubu's Armour         Ice            30%        N/A       3%          3
 Teleport Other           Tloc           30%        N/A       3%          3
 Animate Armour           Summ/Erth      100%       N/A       1%          4
 Fulminant Prism          Conj/Hex       49%        3d21      1%          4
 Yara's Violent Unravell  Hex/Tmut       34%        3d14      1%          5
 Metabolic Englaciation   Hex/Ice        34%        N/A       2%          5
 Olgreb's Toxic Radiance  Pois           30%        N/A       3%          4
 Excruciating Wounds      Necr           32%        N/A       3%          5
 Enfeeble                 Hex            45%        N/A       6%          7
 Passage of Golubria      Tloc           30%        N/A       11%         4
 Death Channel            Necr           32%        N/A       19%         6
 Simulacrum               Ice/Necr       25%        N/A       47%         6
 Ozocubu's Refrigeration  Ice            15%        4d8       88%         7
 Borgnjor's Revivificati  Necr           32%        N/A       100%        8
 Necromutation            Tmut/Necr      25%        N/A       100%        8
 Death's Door             Necr           32%        N/A       100%        9


Dungeon Overview and Level Annotations

Branches:
Dungeon (1/1)

Altars:
Ashenzari
Cheibriados
Dithmenos
Elyvilon
Fedhas
Gozag
Hepliaklqana
Kikubaaqudgha
Makhleb
Nemelex Xobeh
Okawaru
Qazlal
Ru
Sif Muna
Trog
Uskayaw
Vehumet
Wu Jian
Xom
Yredelemnul
Zin
The Shining One
Beogh
Jiyva
Lugonu


Message History

The stunning burst hits you. You resist.
The deep elf sorcerer mumbles some strange words.
The deep elf sorcerer seems to speed up.
A deep elf master archer comes into view.
You can move again.
Found five items.
Casting: Iskenderun's Mystic Blast (safe; 1% risk of failure)
Confirm with . or Enter, or press ? or * to list all spells.
You can't see any susceptible monsters within range! (Use Z to cast anyway.)
Casting: Iskenderun's Mystic Blast (safe; 1% risk of failure)
Confirm with . or Enter, or press ? or * to list all spells.
You can't see any susceptible monsters within range! (Use Z to cast anyway.)
Casting: Iskenderun's Mystic Blast (safe; 1% risk of failure)
Confirm with . or Enter, or press ? or * to list all spells.
Okay, then.
Aiming: Thunderbolt
Press: ? - help, Shift-Dir - straight line, f - you
Okay, then.
A deep elf high priest, 2 deep elf sorcerers and a deep elf master archer come into view.
The deep elf high priest is wielding a +0 short sword and wearing a +2 ring mail of positive energy.
A deep elf sorcerer is wielding a +0 dagger and wearing the ring "Umixt" {*Slow rN+ Int+6}.
Found three items.
The deep elf high priest shouts!
The deep elf sorcerer shouts! x2
The deep elf master archer shouts! x2
The deep elf master archer wields a +0 longbow.
The deep elf master archer shoots an arrow.
The arrow hits you!!
The deep elf sorcerer shouts!
Clouds of flame condense around you!
The condenser dries out!
The air elemental is engulfed in blazing flames.
The air elemental fires a burst of electricity at you.
The stunning burst misses you.
The deep elf master archer is engulfed in blazing flames.
The air elemental is engulfed in blazing flames.
The deep elf pyromancer is engulfed in blazing flames.
The deep elf pyromancer casts a spell at you.
The bolt of fire hits you. You resist.
The deep elf sorcerer is engulfed in blazing flames.
The deep elf sorcerer points at you and mumbles some strange words.
The bolt of acid hits you!! You resist.
You die...

▓...8©8...▓
▓.§§e§e§§.▓....)}...▓
▓.§e§e§e§.▓.....)...▓
▓.§§e§§§§.▓.........▓
▓..§e§e§..▓.........▓
▓..§§(§§..▓.........▓
▓..§§E§...▓.........▓
▓.........▓.▓.....▓.▓
▓.▓..@..▓.▓....©....▓
▓....©....▓▓▓▓▓▓▓▓▓▓▓
▓▓▓▓▓▓▓▓▓▓▓


You could see 2 deep elf master archers, 4 deep elf sorcerers, a deep elf high
priest, a deep elf pyromancer, an air elemental and a +1 glaive of venom.

Vanquished Creatures
  A tentacled starspawn (D)
  A thrashing horror (D)
  A deep elf knight (D)
  A spriggan druid (D)
  2 deep elf pyromancers (D)
  An ugly thing (D)
  An orc sorcerer (D)
  A rime drake (D)
  A freezing wraith (D)
  A rime drake (shapeshifter) (D)
  A queen bee (shapeshifter) (D)
  A wind drake (D)
  2 polar bears (D)
  A hornet (D)
  A fire bat (shapeshifter) (D)
  2 small abominations (D)
  3 spriggans (D)
  A hell hound (D)
  2 black bears (D)
  A sky beast (shapeshifter) (D)
  A wolf (D)
  A phantom (D)
  2 bullfrogs (D)
  2 necrophages (D)
  2 wights (D)
  2 crimson imps (D)
  2 quasits (D)
  2 iron imps (D)
  2 river rats (D)
  A shadow imp (D)
  3 white imps (D)
  2 ufetubi (D)
  A bat skeleton (D)
  A bat zombie (D)
  2 ball python zombies (D)
  A bat simulacrum (D)
  A giant cockroach zombie (D)
  A quokka skeleton (D)
  A lurking horror (D)
56 creatures vanquished.

Vanquished Creatures (others)
  4 starspawn tentacles (D)
4 creatures vanquished.

Grand Total: 60 creatures vanquished

Notes
Turn   | Place    | Note
-------+----------+-------------------------------------------
     0 | D        | horus123 the Deep Elf Conjurer began the quest for the Orb.
     0 | D        | Reached XP level 1. HP: 10/10 MP: 6/6
     0 | D        | Found a blossoming altar of Fedhas.
     0 | D        | Found the +6 Majin-Bo {vamp, MP+6 Int+6}
     0 | D        | Found the +9 heavy crossbow "Sniper" {vorpal, Acc+∞ SInv}
     0 | D        | Found the +10 dark maul {vorpal}
     0 | D        | Found the +15 Maxwell's patent armour {-Cast -Tele rElec
                  | Will+ rCorr}
     0 | D        | Found the +18 shield of the Gong {rElec rN+ Will+ EV-5}
     0 | D        | Found the +14 obsidian axe {vorpal, Mesm Drain Fly SInv}
     0 | D        | Found the +7 great mace "Firestarter" {inner flame, rF++}
     0 | D        | Found the +6 shillelagh "Devastator" {shatter}
     0 | D        | Found the +11 plutonium sword {Contam Stlth-}
     0 | D        | Found the +8 lance "Wyrmbane" {slay drac, rPois rF+ rC+
                  | AC+3}
     0 | D        | Found the +9 sword of Zonguldrok {reap}
     0 | D        | Found the +13 scythe of Curses {drain, Drain}
     0 | D        | Found the +5 sword of Power {vorpal}
     0 | D        | Found the +7 mace of Variability {chain chaos}
     0 | D        | Found the +7 Singing Sword {vorpal, sonic wave}
     0 | D        | Found the +8 storm bow {elec, penet}
     1 | D        | Found a shimmering blue altar of Sif Muna.
     1 | D        | Found a sacrificial altar of Ru.
     1 | D        | Found a bloodstained altar of Trog.
     1 | D        | Found a stormy altar of Qazlal.
     1 | D        | Found an iron altar of Okawaru.
     1 | D        | Found a sparkling altar of Nemelex Xobeh.
     3 | D        | Found a transporter.
     3 | D        | Found an ancient bone altar of Kikubaaqudgha.
     3 | D        | Found a viscous altar of Jiyva.
     3 | D        | Found a corrupted altar of Lugonu.
     3 | D        | Found a hazy altar of Hepliaklqana.
     3 | D        | Found a burning altar of Makhleb.
     3 | D        | Found an opulent altar of Gozag.
   111 | D        | Became a worshipper of Vehumet
   112 | D        | Reached skill level 7 in Conjurations
   112 | D        | Reached XP level 2. HP: 15/15 MP: 12/12
   153 | D        | Learned a level 2 spell: Searing Ray
   232 | D        | Entered arena 2.
   232 | D        | Found a transporter.
   452 | D        | Entered arena 3.
   452 | D        | Noticed a wight
   452 | D        | Found a transporter.
   454 | D        | Reached * piety under Vehumet
   454 | D        | Offered knowledge of Freeze by Vehumet.
   455 | D        | Killed a wight
   456 | D        | Reached skill level 10 in Spellcasting
   456 | D        | Reached XP level 3. HP: 19/19 MP: 17/17
   456 | D        | Reached XP level 4. HP: 24/24 MP: 18/18
   485 | D        | Learned a level 1 spell: Freeze
   490 | D        | Learned a level 4 spell: Iskenderun's Mystic Blast
   495 | D        | Learned a level 4 spell: Fulminant Prism
   509 | D        | Entered arena 4.
   509 | D        | Noticed a sky beast
   509 | D        | Noticed a fire bat
   509 | D        | Noticed a brown ugly thing
   509 | D        | Noticed a rime drake
   509 | D        | Found a transporter.
   511 | D        | Killed a fire bat
   511 | D        | Reached ** piety under Vehumet
   511 | D        | Offered knowledge of Poisonous Vapours by Vehumet.
   512 | D        | Reached skill level 11 in Conjurations
   512 | D        | Reached XP level 5. HP: 28/28 MP: 20/20
   512 | D        | Killed a rime drake
   513 | D        | Reached skill level 14 in Conjurations
   513 | D        | Reached XP level 6. HP: 24/32 MP: 21/21
   514 | D        | Killed a sky beast
   515 | D        | Reached skill level 15 in Conjurations
   515 | D        | Reached XP level 7. HP: 36/36 MP: 22/23
   515 | D        | Killed a brown ugly thing
   516 | D        | Reached skill level 17 in Conjurations
   552 | D        | Learned a level 3 spell: Stone Arrow
   556 | D        | Got the ring of Zaawiwn Ysuo {rC+ Str+6}
   577 | D        | Entered arena 5.
   577 | D        | Found a transporter.
   579 | D        | Reached *** piety under Vehumet
   580 | D        | Reached XP level 8. HP: 41/41 MP: 24/24
   703 | D        | Learned a level 8 spell: Lehudib's Crystal Spear
   705 | D        | Entered arena 6.
   705 | D        | Noticed a deep elf pyromancer
   705 | D        | Noticed a queen bee
   705 | D        | Noticed a deep elf knight
   705 | D        | Noticed an orc sorcerer
   705 | D        | Noticed a deep elf pyromancer
   705 | D        | Found a transporter.
   708 | D        | Killed an orc sorcerer
   708 | D        | Offered knowledge of Frozen Ramparts by Vehumet.
   708 | D        | Reached **** piety under Vehumet
   709 | D        | Killed a deep elf knight
   709 | D        | Killed a queen bee
   710 | D        | Reached XP level 9. HP: 39/45 MP: 25/25
   710 | D        | Killed a deep elf pyromancer
   710 | D        | Killed a deep elf pyromancer
   742 | D        | Entered arena 7.
   742 | D        | Noticed a polar bear
   742 | D        | Noticed a freezing wraith
   742 | D        | Noticed a rime drake
   742 | D        | Noticed a polar bear
   745 | D        | Reached ***** piety under Vehumet
   746 | D        | Killed a polar bear
   746 | D        | Killed a rime drake
   748 | D        | Killed a polar bear
   748 | D        | Killed a freezing wraith
   749 | D        | Reached XP level 10. HP: 23/50 MP: 26/26
   749 | D        | Found a transporter.
   762 | D        | Got the ring "Kosy" {rElec rN+ Str+6}
   921 | D        | Learned a level 5 spell: Silence
   923 | D        | Entered arena 8.
   924 | D        | Found a transporter.
   925 | D        | Offered knowledge of Hailstorm by Vehumet.
   926 | D        | Reached skill level 1 in Hexes
   929 | D        | Reached ****** piety under Vehumet
   930 | D        | Reached skill level 5 in Hexes
   942 | D        | Got Wusyasmi's Handbook of Unholy Magic
  1052 | D        | Learned a level 5 spell: Agony
  1053 | D        | Entered arena 9.
  1053 | D        | Noticed a spriggan druid
  1053 | D        | Noticed a spriggan rider
  1054 | D        | Found a transporter.
  1058 | D        | HP: 2/50 [spriggan rider/+0 spear (6)]
  1059 | D        | Offered knowledge of Yara's Violent Unravelling by Vehumet.
  1063 | D        | Killed a spriggan druid
  1360 | D        | Entered arena 10.
  1361 | D        | Found a transporter.
  1363 | D        | Offered knowledge of Lee's Rapid Deconstruction by Vehumet.
  1364 | D        | Reached skill level 1 in Necromancy
  1366 | D        | HP: 1/50 [something (12)]
  1374 | D        | Reached skill level 5 in Necromancy
  1622 | D        | Entered arena 11.
  1622 | D        | Noticed a tentacled starspawn
  1622 | D        | Noticed a thrashing horror
  1624 | D        | Offered knowledge of Spellforged Servitor by Vehumet.
  1628 | D        | Killed a thrashing horror
  1630 | D        | Killed a tentacled starspawn
  1631 | D        | Reached skill level 15 in Spellcasting
  1631 | D        | Reached XP level 11. HP: 1/54 MP: 19/32
  1931 | D        | Learned a level 8 spell: Ignition
  1931 | D        | Found a transporter.
  1944 | D        | Got the ring "Puschoel" {rElec MP+9 Dex+9}
  1970 | D        | Got the amulet "Satrume" {Faith rF+++ rN+ rCorr Stlth-}
  1984 | D        | Entered arena 12.
  1984 | D        | Noticed a +1 glaive of venom
  1984 | D        | Noticed a deep elf sorcerer
  1984 | D        | Noticed a deep elf sorcerer
  1984 | D        | Noticed a deep elf pyromancer
  1984 | D        | Paralysed by an air elemental for 1 turns
  1984 | D        | Noticed a deep elf master archer
  1985 | D        | Noticed a deep elf high priest
  1985 | D        | Identified the ring "Umixt" {*Slow rN+ Int+6}
  1985 | D        | Noticed a deep elf sorcerer
  1985 | D        | Noticed a deep elf sorcerer
  1985 | D        | Noticed a deep elf master archer
  1986 | D        | Killed from afar by a deep elf sorcerer

Illustrated notes

Levels and vault maps discovered:
D:        sprint_v [room_start, room_1, room_2, room_3, room_4, room_5, room_6,
          room_7, room_8, room_9, room_10, room_11, room_12, room_13, room_14,
          room_15, room_16, room_17, room_18, room_19, room_20, room_21,
          room_22, room_23, room_24, room_25, room_26, room_27]

Skill      XL: |  1  2  3  4  5  6  7  8  9 10 |
---------------+-------------------------------+-----
Spellcasting   | 7 10 15 | 15.0
Conjurations   | 7 11 14 15 17 | 17.3
Evocations     | 3 4 9 |  9.5
Earth Magic    | 11 14 | 14.7
Hexes          | 12 | 12.1
Necromancy     | 5 |  5.3
Dodging        | |  2.5
Stealth        | |  2.5

Action                   |  1- 3 |  4- 6 |  7- 9 | 10-12 || total
-------------------------+-------+-------+-------+-------++-------
 Cast: Searing Ray       |     2 |       |     1 |       ||     3
       Iskenderun's Myst |       |     2 |     1 |    14 ||    17
       Lehudib's Crystal |       |       |       |     4 ||     4
Evoke: Lightning rod     |     3 |     3 |    13 |    13 ||    32
       Condenser vane    |       |       |       |     1 ||     1
  Use: Potion            |     1 |       |       |     1 ||     2
       Scroll            |       |       |     1 |       ||     1
Armor: Robe              |     2 |     1 |       |       ||     3
Dodge: Dodged            |     8 |       |       |     5 ||    13

Table legend: (Time is in decaauts)
 A = Elapsed time spent in this place.
 B = Non-inter-level travel time spent in this place.
 C = Inter-level travel time spent in this place.
 D = Time resting spent in this place.
 E = Time spent auto-exploring this place.
 F = Levels seen in this place.
 G = Mean time per level.
                   A        B        C        D        E       F      G
               +--------+--------+--------+--------+--------+-----+--------+
         Total |   1983 |   1983 |      0 |   1518 |      0 |   1 | 1983.0 |
       Dungeon |   1983 |   1983 |      0 |   1518 |      0 |   1 | 1983.0 |
               +--------+--------+--------+--------+--------+-----+--------+

Top non-repeatable levels by time:
       D: 1983 daAuts
